[Event "Titled Tuesday Blitz October 31 Early 2023"]
[White "Dragun, Kamil"]
[Black "Ziatdinov, Raset"]
[WhiteFideId "1134167"]
[BlackFideId "2015323"]
[WhiteElo "2832"]
[BlackElo "2398"]
[Result "0-1"]
[Round "4"]
[TimeControl "180+1"]
[Date "2023.10.31"]
[WhiteClock "0:00:42"]
[BlackClock "0:00:16"]
[Board "104"]

1. d4 Nf6 2. c4 g6 3. Nc3 d5 4. cxd5 Nxd5 5. e4 Nxc3 6. bxc3 Bg7 7. Bc4 c5 8. Ne2 Nc6 9. Be3 O-O 10. O-O Bg4 11. f3 cxd4 12. cxd4 Na5 13. Bxf7+ Rxf7 14. fxg4 Rxf1+ 15. Kxf1 e5 16. d5 Nc4 17. Bf2 Qg5 18. Kg1 Qxg4 19. Qd3 Nd6 20. Nc3 a6 21. h3 Qd7 22. Bc5 Rc8 23. Bxd6 Qxd6 24. Ne2 Bf8 25. Kh1 Qa3 26. Qd1 Qe3 27. d6 Rd8 28. d7 Qxe4 29. Rc1 Qf5 30. Rc7 e4 31. Nd4 Qe5 32. Qb3+ Kh8 33. Ne6 Bd6 34. g3 Bxc7 35. Nxd8 Bxd8 36. Qf7 Qe7 37. Qe8+ Kg7 38. Kg2 e3 39. Kf1 e2+ 40. Ke1 Ba5+ 0-1


[Site "https://www.chess.com"]

[Event "Titled Tuesday Blitz October 31 Early 2023"]
[White "Jackalhead_Anubis"]
[Black "Tatarinov, Dmitry"]
[BlackFideId "24160067"]
[WhiteElo "2396"]
[BlackElo "2751"]
[Result "0-1"]
[Round "4"]
[TimeControl "180+1"]
[Date "2023.10.31"]
[WhiteClock "0:00:43"]
[BlackClock "0:01:48"]
[Board "105"]

1. e4 c5 2. Nf3 d6 3. d4 cxd4 4. Nxd4 Nf6 5. Nc3 a6 6. Bg5 e6 7. f4 Nbd7 8. Qe2 Qc7 9. O-O-O b5 10. g4 Bb7 11. Bg2 Be7 12. e5 dxe5 13. Bxb7 exd4 14. Bxa8 dxc3 15. Qf3 cxb2+ 16. Kb1 O-O 17. Bxf6 Bxf6 18. g5 Be7 19. Qc6 Qxc6 20. Bxc6 Nc5 21. Kxb2 g6 22. c4 bxc4 23. Kc3 Rc8 24. Bd7 Rc7 25. Rd4 Nxd7 26. Rhd1 Nb6 27. Re4 Nd5+ 28. Kd4 c3 29. Rc1 Bc5+ 30. Ke5 Ba3 31. Rc2 Nb4 32. Kd6 Rc6+ 33. Kd7 Nxc2 34. Kxc6 Nb4+ 35. Kb7 c2 0-1


[Site "https://www.chess.com"]

[Event "Titled Tuesday Blitz October 31 Early 2023"]
[White "Goldin, Roman"]
[Black "Weetik, Vjacheslav"]
[WhiteFideId "2803860"]
[BlackFideId "4153472"]
[WhiteElo "2393"]
[BlackElo "2737"]
[Result "0-1"]
[Round "4"]
[TimeControl "180+1"]
[Date "2023.10.31"]
[WhiteClock "0:00:00"]
[BlackClock "0:01:21"]
[Board "106"]

1. Nf3 Nf6 2. g3 d5 3. Bg2 Bf5 4. O-O e6 5. d3 c6 6. c4 Nbd7 7. Nc3 dxc4 8. dxc4 Bb4 9. Bd2 a5 10. a3 Be7 11. Nh4 Bg4 12. Qc2 Ne5 13. b3 Nfd7 14. Nf3 Nxf3+ 15. Bxf3 Bxf3 16. exf3 Ne5 17. Kg2 Qd3 18. Qxd3 Nxd3 19. a4 O-O 20. Rfd1 Rfd8 21. Rab1 f5 22. Be3 Bb4 23. Ne2 e5 24. Bb6 Rd6 25. h3 c5 26. Bc7 Rd7 0-1


[Site "https://www.chess.com"]

[Event "Titled Tuesday Blitz October 31 Early 2023"]
[White "EvgenyBurmakin"]
[Black "BardArtem"]
[WhiteElo "2391"]
[BlackElo "2699"]
[Result "0-1"]
[Round "4"]
[TimeControl "180+1"]
[Date "2023.10.31"]
[WhiteClock "0:00:03"]
[BlackClock "0:00:12"]
[Board "107"]

1. e4 e5 2. Nf3 Nc6 3. Bb5 Nge7 4. c3 d5 5. exd5 Qxd5 6. Qe2 e4 7. Nd4 a6 8. Ba4 b5 9. Nxc6 bxa4 10. Nb4 Qe6 11. d3 a5 12. Nc2 exd3 13. Qxe6 Bxe6 14. Nd4 Bd7 15. Be3 Nd5 16. O-O Rb8 17. Re1 Kd8 18. Nd2 Nxe3 19. Rxe3 c5 20. N4f3 Rxb2 21. Rxd3 Kc7 22. Nc4 Rb8 23. Rad1 Bb5 24. Nfd2 Be7 25. Rf3 Bf6 26. Nxa5 Be2 27. Rxf6 gxf6 28. Re1 Rhd8 29. Nac4 Bxc4 30. Nxc4 Re8 31. Rc1 Re2 32. a3 Re4 33. Ne3 Kc6 34. g3 Rb3 35. Rd1 Rxc3 36. Rd8 Rxa3 37. Rc8+ Kd6 38. Kg2 Rexe3 39. fxe3 Ra1 40. Kf3 a3 41. Rd8+ Kc6 42. Ra8 a2 43. Kg2 Kb5 44. Rb8+ Kc4 45. Ra8 Kd3 46. e4 c4 47. Ra3+ c3 48. e5 fxe5 49. Kf3 e4+ 50. Kg4 e3 51. Kg5 e2 0-1


[Site "https://www.chess.com"]

[Event "Titled Tuesday Blitz October 31 Early 2023"]
[White "Lebedev, Artem S."]
[Black "Jakubowski, Krzysztof"]
[WhiteFideId "34272747"]
[BlackFideId "1112848"]
[WhiteElo "2388"]
[BlackElo "2685"]
[Result "1-0"]
[Round "4"]
[TimeControl "180+1"]
[Date "2023.10.31"]
[WhiteClock "0:00:04"]
[BlackClock "0:00:26"]
[Board "108"]

1. e4 c6 2. d4 d5 3. e5 Bf5 4. h4 h5 5. Bd3 Bxd3 6. Qxd3 e6 7. Bg5 Be7 8. Nf3 Qb6 9. Nbd2 Qa6 10. c4 Nd7 11. O-O Nb6 12. b3 Rd8 13. Qc2 Qa3 14. c5 Nc8 15. b4 Nh6 16. Rfb1 Nf5 17. Rb3 Qa4 18. Nb1 Bxg5 19. hxg5 Qb5 20. Na3 Qa4 21. Nb1 b5 22. Nc3 Qa6 23. a4 Qb7 24. axb5 cxb5 25. Qd3 a6 26. Rba3 O-O 27. Rxa6 Qe7 28. Nxb5 f6 29. exf6 gxf6 30. gxf6 Rxf6 31. Ne5 Qg7 32. c6 Kh8 33. c7 Rg8 34. Qf3 Nh6 35. Qh3 Qg5 36. Nd6 Qf4 37. Nxc8 Qxf2+ 38. Kh1 Rf4 39. Ne7 Rh4 40. N7g6+ Kh7 41. Nxh4 Ng4 42. Nxg4 hxg4 43. Qh2 g3 44. Qh3 Rf8 45. Nf3+ Kg6 46. Rxe6+ Kf7 47. Qf5+ Kg8 48. Rg6+ Kh7 49. Qh5# 1-0


[Site "https://www.chess.com"]

[Event "Titled Tuesday Blitz October 31 Early 2023"]
[White "Xtrmntr78"]
[Black "Haitin, Ilja"]
[BlackFideId "4501764"]
[WhiteElo "2668"]
[BlackElo "2386"]
[Result "0-1"]
[Round "4"]
[TimeControl "180+1"]
[Date "2023.10.31"]
[WhiteClock "0:00:00"]
[BlackClock "0:00:18"]
[Board "109"]

1. c4 e5 2. Nc3 Bb4 3. Nd5 Be7 4. Nf3 d6 5. d4 c6 6. Nc3 Nd7 7. g3 f5 8. Bg2 Ngf6 9. O-O e4 10. Nd2 d5 11. cxd5 cxd5 12. Qb3 Nb6 13. f3 Qd6 14. a4 Be6 15. a5 Nbd7 16. Qxb7 Rb8 17. Qxa7 O-O 18. a6 Ra8 19. Qb7 Rfb8 20. Nb5 Rxb7 21. Nxd6 Bxd6 22. axb7 Rxa1 23. Nb3 Ra7 24. Nc5 Nxc5 25. dxc5 Bxc5+ 26. Kh1 Rxb7 0-1


[Site "https://www.chess.com"]

[Event "Titled Tuesday Blitz October 31 Early 2023"]
[White "MarijaKuznecova"]
[Black "Lee, Jun Hyeok"]
[BlackFideId "13202340"]
[WhiteElo "2385"]
[BlackElo "2635"]
[Result "0-1"]
[Round "4"]
[TimeControl "180+1"]
[Date "2023.10.31"]
[WhiteClock "0:00:00"]
[BlackClock "0:00:06"]
[Board "110"]

1. e4 c5 2. Nf3 d6 3. d4 cxd4 4. Nxd4 Nf6 5. Nc3 a6 6. Be3 e5 7. Nb3 Be6 8. f3 Be7 9. Qd2 h5 10. Nd5 Nxd5 11. exd5 Bf5 12. Be2 Nd7 13. O-O O-O 14. c4 b6 15. f4 exf4 16. Bxf4 Bg6 17. Nd4 Ne5 18. Kh1 Rc8 19. Rac1 Bf6 20. Qd1 Qd7 21. Bxh5 Bxh5 22. Qxh5 Nd3 23. Rc3 Nxf4 24. Rxf4 Rfe8 25. g3 g6 26. Qf3 Bxd4 27. Rxd4 Re1+ 28. Kg2 Rce8 29. Rc2 Qa4 30. Rf2 R8e7 31. Rf4 f5 32. g4 Qxa2 33. gxf5 Qb1 34. fxg6 Rg1+ 35. Kh3 Qxg6 36. Rg4 Rh7+ 37. Rh4 Rxh4+ 38. Kxh4 Qg5+ 39. Kh3 Qh6+ 0-1


[Site "https://www.chess.com"]

[Event "Titled Tuesday Blitz October 31 Early 2023"]
[White "Fernandez, Michael"]
[Black "Arslanov, Shamil"]
[WhiteFideId "5803560"]
[BlackFideId "4192826"]
[WhiteElo "2385"]
[BlackElo "2621"]
[Result "0-1"]
[Round "4"]
[TimeControl "180+1"]
[Date "2023.10.31"]
[WhiteClock "0:00:04"]
[BlackClock "0:00:09"]
[Board "111"]

1. c4 d6 2. g3 e5 3. Nc3 f5 4. d4 Nc6 5. Nf3 e4 6. Nh4 Be7 7. e3 Bxh4 8. Qh5+ g6 9. Qxh4 Qxh4 10. gxh4 Nf6 11. Bg2 Nb4 12. Ke2 Be6 13. b3 Nd3 14. f3 O-O 15. Ba3 Rae8 16. Raf1 exf3+ 17. Bxf3 Nf4+ 18. Kd2 N4h5 19. Bxb7 Rf7 20. Bc6 Bd7 21. Bxd7 Rxd7 22. c5 d5 23. c6 Rf7 24. Bc5 a6 25. b4 Re6 26. a4 Rxc6 27. b5 axb5 28. axb5 Re6 29. Ra1 f4 30. Ra8+ Kg7 31. exf4 Nxf4 32. Re1 Ne4+ 33. Kc2 Ng2 34. Re2 Nf4 35. Re1 Nxc5 36. Rxe6 Ncxe6 0-1


[Site "https://www.chess.com"]

[Event "Titled Tuesday Blitz October 31 Early 2023"]
[White "Matveeva, Olga"]
[Black "Kashefi, Amir Hosein"]
[WhiteFideId "24107018"]
[BlackFideId "12557935"]
[WhiteElo "2385"]
[BlackElo "2604"]
[Result "1-0"]
[Round "4"]
[TimeControl "180+1"]
[Date "2023.10.31"]
[WhiteClock "0:00:19"]
[BlackClock "0:00:00"]
[Board "112"]

1. d4 d5 2. c4 c6 3. Nf3 Nf6 4. Qb3 dxc4 5. Qxc4 g6 6. g3 Bg7 7. Bg2 O-O 8. O-O Na6 9. Nc3 Qb6 10. e4 Be6 11. Qe2 Rad8 12. Rd1 Bg4 13. Be3 Qa5 14. h3 Bxf3 15. Qxf3 Rd7 16. Rd2 Rfd8 17. Rad1 Nc7 18. Kh2 Nb5 19. Nxb5 Qxb5 20. b3 h5 21. Bf1 Qa5 22. Bc4 b5 23. Bf1 Kh7 24. e5 Nd5 25. Qxf7 Rf8 26. Qe6 Nxe3 27. fxe3 Rxf1 28. Qxd7 Rxd1 29. Rxd1 Qxa2+ 30. Kh1 Qxb3 31. Rg1 Qxe3 32. Qxe7 Qe4+ 33. Kh2 h4 34. Qxh4+ Qxh4 35. gxh4 c5 36. e6 Bf8 37. dxc5 Bxc5 38. Rd1 Kg7 39. Rf1 a5 40. Kg3 Bd6+ 41. Kg4 b4 42. Rf7+ Kg8 43. Kg5 a4 44. Kxg6 a3 45. Rd7 1-0


[Site "https://www.chess.com"]

[Event "Titled Tuesday Blitz October 31 Early 2023"]
[White "Marcziter, Dmitrii"]
[Black "FoxOnTheRun97"]
[WhiteFideId "13900765"]
[WhiteElo "2382"]
[BlackElo "2594"]
[Result "0-1"]
[Round "4"]
[TimeControl "180+1"]
[Date "2023.10.31"]
[WhiteClock "0:00:00"]
[BlackClock "0:00:04"]
[Board "113"]

1. d4 Nf6 2. c4 e6 3. Nf3 d5 4. Bg5 h6 5. Bh4 g5 6. Bg3 Ne4 7. a3 Bg7 8. e3 Nd7 9. Nbd2 Nxg3 10. hxg3 c6 11. Bd3 Qe7 12. e4 dxe4 13. Nxe4 e5 14. dxe5 Nxe5 15. Nxe5 Qxe5 16. Qe2 O-O 17. Nc3 Qxe2+ 18. Kxe2 Re8+ 19. Kd2 Be6 20. Kc2 Rad8 21. Rad1 Bg4 22. f3 Be6 23. g4 Kf8 24. Ne4 b6 25. b4 Rd4 26. c5 Red8 27. Be2 Ke7 28. Rxd4 Rxd4 29. Rd1 Bd5 30. Nd6 Rxd1 31. Bxd1 Kd7 32. Be2 bxc5 33. bxc5 Bf8 34. Nb7 Kc7 35. Ba6 Be7 36. Kc3 Be6 37. Nd6 Bxd6 38. cxd6+ Kxd6 39. Kd4 Bb3 40. Be2 f6 41. g3 Bc2 42. f4 c5+ 43. Kc4 Be4 44. a4 Bc6 45. a5 a6 46. Bd1 Bb5+ 47. Kc3 Kd5 48. Bf3+ Kd6 49. Bb7 Kc7 50. Be4 Be2 51. Bf5 Kc6 52. Kd2 Bf3 53. Ke3 Bd1 54. Kd2 Ba4 55. Bd3 Bb5 56. Be4+ Kd6 0-1


[Site "https://www.chess.com"]

[Event "Titled Tuesday Blitz October 31 Early 2023"]
[White "brm72"]
[Black "Kovalevsky, Stanislav"]
[BlackFideId "13508598"]
[WhiteElo "2574"]
[BlackElo "2381"]
[Result "1-0"]
[Round "4"]
[TimeControl "180+1"]
[Date "2023.10.31"]
[WhiteClock "0:00:24"]
[BlackClock "0:00:09"]
[Board "114"]

1. e4 c6 2. Nc3 d5 3. Nf3 dxe4 4. Nxe4 Nf6 5. Qe2 Nxe4 6. Qxe4 Qd5 7. Qf4 Qf5 8. Qe3 Qxc2 9. Bd3 Qa4 10. O-O Nd7 11. b3 Qa5 12. Bb2 Nf6 13. Rfe1 Bg4 14. Ne5 e6 15. Bc3 Qc7 16. h3 Bh5 17. Bb2 Bg6 18. Bxg6 hxg6 19. Rac1 O-O-O 20. Qxa7 Rxd2 21. Red1 Qd6 22. Rxd2 Qxd2 23. Nxc6 Bd6 24. Na5+ Kd8 25. Nxb7+ Ke7 26. Nxd6+ Kxd6 27. Qc7+ Kd5 28. Qe5# 1-0


[Site "https://www.chess.com"]

[Event "Titled Tuesday Blitz October 31 Early 2023"]
[White "Aaditya Dhingra"]
[Black "Goswami, Vedant"]
[WhiteFideId "25678191"]
[BlackFideId "5003725"]
[WhiteElo "2572"]
[BlackElo "2371"]
[Result "1/2-1/2"]
[Round "4"]
[TimeControl "180+1"]
[Date "2023.10.31"]
[WhiteClock "0:00:03"]
[BlackClock "0:00:16"]
[Board "115"]

1. e4 e5 2. Nf3 Nc6 3. Bb5 a6 4. Ba4 Nf6 5. O-O b5 6. Bb3 Be7 7. d3 d6 8. a4 b4 9. h3 Na5 10. Ba2 c5 11. Nbd2 Be6 12. Bxe6 fxe6 13. Qe2 O-O 14. Nc4 Nxc4 15. dxc4 Qe8 16. Nh2 Qg6 17. Re1 Rf7 18. Ng4 Raf8 19. Nxf6+ Rxf6 20. Rf1 Rf3 21. Kh2 Qh5 22. Qd1 Rxh3+ 23. gxh3 Rf3 24. Qxf3 Qxf3 25. b3 Qxe4 26. Ra2 Qe2 27. Kg2 h6 28. Be3 Bg5 29. Bxg5 hxg5 30. Raa1 g4 31. hxg4 Qxg4+ 32. Kh2 Qh5+ 33. Kg3 Qg5+ 34. Kh2 Qf4+ 35. Kg1 Kf7 36. Rac1 Kf6 37. Rfe1 Kf5 38. Re3 e4 39. c3 d5 40. cxd5 exd5 41. cxb4 cxb4 42. Rc5 Ke6 43. Rc6+ Ke5 44. Rxa6 d4 45. Ra5+ Kd6 46. Ra6+ Kc7 47. Rg3 g5 48. Rh3 Kb7 49. Rg6 Qg4+ 50. Kh2 Qf4+ 51. Kg1 Qg4+ 52. Kh2 Qf4+ 53. Kg1 1/2-1/2


[Site "https://www.chess.com"]

[Event "Titled Tuesday Blitz October 31 Early 2023"]
[White "Gurevich, Dmitry"]
[Black "Seresin, Francesco"]
[WhiteFideId "2000407"]
[BlackFideId "886335"]
[WhiteElo "2565"]
[BlackElo "2370"]
[Result "0-1"]
[Round "4"]
[TimeControl "180+1"]
[Date "2023.10.31"]
[WhiteClock "0:00:08"]
[BlackClock "0:01:02"]
[Board "116"]

1. Nf3 Nf6 2. c4 e6 3. Nc3 d5 4. e3 Nbd7 5. b3 b6 6. Bb2 Bb7 7. Be2 dxc4 8. bxc4 Be7 9. O-O O-O 10. a4 Nc5 11. a5 Nd3 12. Ba3 c5 13. Qb1 Nb4 14. axb6 Qxb6 15. Rd1 a5 16. d4 Rfd8 17. Na4 Qc6 18. Nxc5 Bxc5 19. dxc5 Qxc5 20. Bxb4 axb4 21. Rxa8 Rxa8 22. Nd2 h6 23. Nb3 Qg5 24. Bf1 Ne4 25. Rd4 Nc3 26. Qe1 Ra2 27. c5 Ne2+ 28. Kh1 Nxd4 29. exd4 Bd5 30. Nc1 Ra1 0-1


[Site "https://www.chess.com"]

[Event "Titled Tuesday Blitz October 31 Early 2023"]
[White "Kotlyar, Kirill"]
[Black "LiadCuba"]
[WhiteFideId "24145599"]
[WhiteElo "2542"]
[BlackElo "2362"]
[Result "1/2-1/2"]
[Round "4"]
[TimeControl "180+1"]
[Date "2023.10.31"]
[WhiteClock "0:00:03"]
[BlackClock "0:00:00"]
[Board "117"]

1. e4 c5 2. Nf3 d6 3. d4 cxd4 4. Qxd4 Nc6 5. Bb5 a6 6. Bxc6+ bxc6 7. c4 e5 8. Qd3 Be6 9. Nc3 Nf6 10. O-O Nd7 11. b3 Be7 12. Ba3 Qa5 13. Na4 Nb6 14. Nxb6 Qxb6 15. Bxd6 Rd8 16. c5 Qxc5 17. Bxc5 Rxd3 18. Bxe7 Kxe7 19. Nxe5 Rd2 20. Nxc6+ Kd6 21. Nb4 a5 22. Rad1 Rxd1 23. Rxd1+ Ke5 24. Nc6+ Kxe4 25. Nxa5 Ra8 26. Nb7 Rxa2 27. Nc5+ Ke5 28. Nxe6 Kxe6 29. Rb1 Kd5 30. b4 Kc6 31. g3 Kb5 32. Kg2 Ra4 33. Re1 Ra7 34. Re4 g6 35. Kh3 f5 36. Rd4 Rc7 37. Kh4 h6 38. g4 fxg4 39. Kxg4 Rf7 40. f4 Rf5 41. Rd6 h5+ 42. Kg3 g5 43. fxg5 Rxg5+ 44. Kh4 Rg2 45. h3 Kxb4 46. Rd5 Kc4 47. Rd1 Rh2 48. Kg3 Rb2 49. Kh4 1/2-1/2


[Site "https://www.chess.com"]

[Event "Titled Tuesday Blitz October 31 Early 2023"]
[White "Ovezdurdyyeva, Jemal"]
[Black "sjoerd893"]
[WhiteFideId "14001888"]
[WhiteElo "2358"]
[BlackElo "2524"]
[Result "1/2-1/2"]
[Round "4"]
[TimeControl "180+1"]
[Date "2023.10.31"]
[WhiteClock "0:00:18"]
[BlackClock "0:00:04"]
[Board "119"]

1. e4 c5 2. Nf3 Nc6 3. c3 Nf6 4. Bd3 e5 5. O-O Be7 6. Bc2 O-O 7. d4 cxd4 8. cxd4 d6 9. h3 Nb4 10. dxe5 dxe5 11. Nxe5 Qxd1 12. Bxd1 Nxe4 13. a3 Nd5 14. Bf3 Nef6 15. Nc3 Be6 16. Bg5 Nxc3 17. bxc3 h6 18. Bh4 g5 19. Bg3 Bd5 20. Nd7 Bxf3 21. Nxf6+ Bxf6 22. gxf3 Bxc3 23. Rab1 b6 24. Rfc1 Rac8 25. Rc2 Bd4 26. Rd2 Bc5 27. Rd7 Bxa3 28. Rxa7 Bc5 29. Rb7 Rcd8 30. Kg2 Rd2 31. Ra1 Re8 32. Raa7 Rf8 33. Rc7 Rc2 34. Rab7 Rd2 35. h4 Kg7 36. h5 Kg8 37. Rc6 Kg7 38. Be5+ Kh7 39. Bg3 Re2 40. Kf1 Rd2 41. Rf6 Rd5 42. Rfxf7+ Rxf7 43. Rxf7+ Kg8 44. Rb7 Rd3 45. Ke2 Rb3 46. Be5 Bf8 47. Rb8 Kf7 48. Bd4 b5 49. Rb6 Rb1 50. Rf6+ Kg8 51. f4 gxf4 52. Rxf4 b4 53. Kd2 b3 54. Bc3 Bc5 55. Rg4+ Kf7 56. Rf4+ Ke7 57. Rf5 Bb6 58. Rb5 Bc7 59. Bb4+ Kd7 60. Ba3 Bf4+ 61. Kc3 Bg5 62. Rxb3 Rxb3+ 63. Kxb3 Ke6 64. Kc2 Kf5 65. Kd3 Kg4 66. Ke4 Kxh5 67. f4 Bxf4 68. Kxf4 Kg6 1/2-1/2


[Site "https://www.chess.com"]

[Event "Titled Tuesday Blitz October 31 Early 2023"]
[White "Purtseladze, Maka"]
[Black "Pumpkin_in_moonlight"]
[WhiteFideId "13602659"]
[WhiteElo "2522"]
[BlackElo "2351"]
[Result "1-0"]
[Round "4"]
[TimeControl "180+1"]
[Date "2023.10.31"]
[WhiteClock "0:00:24"]
[BlackClock "0:00:01"]
[Board "120"]

1. c4 Nf6 2. d4 g6 3. Nc3 Bg7 4. e4 d6 5. Be2 O-O 6. Be3 e5 7. d5 a5 8. h4 h6 9. g4 Nfd7 10. h5 g5 11. Nf3 f6 12. Nh2 Na6 13. Nf1 Ndc5 14. b3 Bd7 15. Ng3 Re8 16. a3 b6 17. Nb5 Qe7 18. f3 Red8 19. Kf2 c6 20. dxc6 Bxc6 21. Nf5 Qe6 22. Rb1 Bf8 23. b4 axb4 24. axb4 Nd7 25. Nc3 Nc7 26. Nd5 Bxd5 27. cxd5 Qe8 28. Qc2 Rdc8 29. Qc6 Ne6 30. Qb5 Nd4 31. Nxd4 exd4 32. Bxd4 Ne5 33. Qxe8 Rxe8 34. Bxb6 Ra2 35. Ra1 Rb8 36. Rxa2 1-0


[Site "https://www.chess.com"]

[Event "Titled Tuesday Blitz October 31 Early 2023"]
[White "Ekdyshman, Mikhail"]
[Black "Girinath, P.D.S."]
[WhiteFideId "4149416"]
[BlackFideId "5000572"]
[WhiteElo "2522"]
[BlackElo "2345"]
[Result "0-1"]
[Round "4"]
[TimeControl "180+1"]
[Date "2023.10.31"]
[WhiteClock "0:00:03"]
[BlackClock "0:00:06"]
[Board "121"]

1. d4 f5 2. c4 Nf6 3. Nc3 e6 4. Qc2 Nc6 5. Nf3 Bb4 6. Bd2 d6 7. h3 O-O 8. g4 Bxc3 9. Bxc3 Ne4 10. Bg2 Qe7 11. e3 Nxc3 12. Qxc3 e5 13. O-O-O fxg4 14. hxg4 Bxg4 15. Qc2 e4 16. Nd2 Bxd1 17. Qxd1 Rxf2 18. Bxe4 h6 19. Qg4 Rxd2 20. Kxd2 Re8 21. Bd5+ Kh8 22. Qf4 Qf8 23. Qg3 Ne7 24. Bxb7 Rb8 25. Be4 Rxb2+ 26. Kc3 Qb8 27. Qe1 Qb4+ 28. Kd3 Qa3+ 29. Qc3 Qxa2 30. c5 Rb3 31. cxd6 Rxc3+ 32. Kxc3 Qa3+ 33. Kd2 Qxd6 34. Rf1 Kg8 35. Bd3 c5 36. Bc4+ Kh7 37. Bd3+ g6 38. Rg1 Kg7 39. dxc5 Qxc5 40. Rc1 Qb4+ 41. Ke2 a5 42. Rc2 Qb3 43. Rc7 Qe6 44. Ra7 Qg4+ 45. Kd2 Qb4+ 46. Ke2 h5 47. Kf3 h4 48. Be4 h3 49. Rb7 h2 50. Kf2 Qxe4 51. Rb1 Qxb1 52. e4 Qg1+ 53. Ke2 h1=Q 54. e5 Qh3 55. e6 Qgg2+ 56. Ke1 Qhh1# 0-1


[Site "https://www.chess.com"]

[Event "Titled Tuesday Blitz October 31 Early 2023"]
[White "vishwa_vijeta"]
[Black "Smirnov, Timofey"]
[BlackFideId "24176427"]
[WhiteElo "2518"]
[BlackElo "2343"]
[Result "1-0"]
[Round "4"]
[TimeControl "180+1"]
[Date "2023.10.31"]
[WhiteClock "0:01:34"]
[BlackClock "0:01:20"]
[Board "122"]

1. e4 e5 2. Nf3 Nf6 3. d4 Nxe4 4. Bd3 Nc6 5. c4 Nf6 6. dxe5 Qe7 7. O-O Ng8 8. Nc3 d6 9. Nd5 Qd8 10. Re1 Nge7 11. exd6 Qxd6 12. Bf4 Qd7 13. Nxc7+ Kd8 14. Bf5 Nxf5 15. Re8# 1-0


[Site "https://www.chess.com"]

[Event "Titled Tuesday Blitz October 31 Early 2023"]
[White "Estrada Nieto, Julian"]
[Black "Bobomurodova, Maftuna"]
[WhiteFideId "5101018"]
[BlackFideId "14207400"]
[WhiteElo "2516"]
[BlackElo "2341"]
[Result "1-0"]
[Round "4"]
[TimeControl "180+1"]
[Date "2023.10.31"]
[WhiteClock "0:00:43"]
[BlackClock "0:00:28"]
[Board "123"]

1. e4 e5 2. Nf3 Nc6 3. Bb5 Nf6 4. O-O Nxe4 5. Re1 Nd6 6. Nxe5 Nxe5 7. Rxe5+ Be7 8. Bf1 O-O 9. Nc3 Bf6 10. Re1 c6 11. d4 Ne8 12. d5 g6 13. Bh6 Ng7 14. Qf3 Be7 15. Rad1 Re8 16. Ne4 d6 17. Bxg7 Kxg7 18. dxc6 bxc6 19. Qc3+ Kg8 20. Nxd6 Bxd6 21. Rxd6 Bd7 22. Red1 Re7 23. Qd2 Qb6 24. Rxd7 Ree8 25. Bc4 Rf8 26. b3 Rae8 27. Qf4 Qc5 28. Rxf7 1-0


[Site "https://www.chess.com"]

[Event "Titled Tuesday Blitz October 31 Early 2023"]
[White "Manon-og, Ramon Jr."]
[Black "Lehtosaari, Mauri"]
[WhiteFideId "5200776"]
[BlackFideId "501999"]
[WhiteElo "2334"]
[BlackElo "2512"]
[Result "1-0"]
[Round "4"]
[TimeControl "180+1"]
[Date "2023.10.31"]
[WhiteClock "0:00:23"]
[BlackClock "0:00:00"]
[Board "124"]

1. e4 c5 2. Nf3 e6 3. g3 Nc6 4. Bg2 Nf6 5. Nc3 d5 6. exd5 exd5 7. d4 cxd4 8. Nxd4 Bg4 9. Nxc6 bxc6 10. Qd4 Be7 11. O-O O-O 12. Bg5 Bf5 13. Rfe1 Re8 14. Rac1 h6 15. Bf4 Qb6 16. Qxb6 axb6 17. a3 Bc5 18. Rxe8+ Rxe8 19. h3 b5 20. g4 Bg6 21. Kf1 Bb6 22. Bf3 Nd7 23. a4 bxa4 24. Nxa4 Ba7 25. b3 f6 26. Be2 Be4 27. Ba6 Ne5 28. Bb7 c5 29. Nc3 Ng6 30. Bg3 f5 31. Bxd5+ Bxd5 32. Nxd5 fxg4 33. hxg4 Rd8 34. c4 Bb8 35. Kg2 Bxg3 36. Kxg3 Ne5 37. f4 Nd3 38. Rd1 Re8 39. Rxd3 Kh7 40. f5 h5 41. g5 h4+ 42. Kxh4 g6 43. f6 Kg8 44. Kg4 Kf7 45. Kf4 Rh8 46. Re3 Rh4+ 47. Kg3 Rh5 48. Re7+ Kf8 49. Kg4 Rh1 50. Nf4 Rg1+ 51. Kf3 Rf1+ 52. Kg3 Rg1+ 53. Ng2 Rb1 54. Re3 Kf7 55. Nf4 Rg1+ 56. Kh4 Rh1+ 57. Kg4 Rg1+ 58. Rg3 Rf1 59. Nd3 Rd1 60. Nxc5 Rd4+ 61. Kh3 Rd1 62. Re3 Rh1+ 63. Kg2 Rb1 64. Re7+ Kg8 65. Ne6 Kh8 66. f7 1-0


[Site "https://www.chess.com"]

[Event "Titled Tuesday Blitz October 31 Early 2023"]
[White "Reprintsev, Alexander"]
[Black "Szente Varga, Fruzsina"]
[WhiteFideId "14100541"]
[BlackFideId "712264"]
[WhiteElo "2512"]
[BlackElo "2329"]
[Result "1-0"]
[Round "4"]
[TimeControl "180+1"]
[Date "2023.10.31"]
[WhiteClock "0:01:19"]
[BlackClock "0:00:00"]
[Board "125"]

1. e4 Nf6 2. e5 Nd5 3. d4 d6 4. c4 Nb6 5. f4 g6 6. Nc3 Bg7 7. h4 h5 8. Be3 dxe5 9. fxe5 Bg4 10. Qb3 Nc6 11. c5 Be6 12. Qd1 Nd5 13. Bf2 O-O 14. Nf3 Bg4 15. Bc4 Nf4 16. O-O e6 17. Be3 Bh6 18. Ng5 Bxg5 19. hxg5 Nd5 20. Qd2 Nxe3 21. Qxe3 Qxd4 22. Qxd4 Nxd4 23. Rf4 Rad8 24. Raf1 c6 25. b4 Nc2 26. Bb3 Ne3 27. Re1 Nf5 28. b5 Nd4 29. bxc6 Nxc6 30. Nb5 Rd2 31. Nd6 Nd4 32. Bc4 Rc2 33. Rxd4 1-0


[Site "https://www.chess.com"]

[Event "Titled Tuesday Blitz October 31 Early 2023"]
[White "secrethawk1"]
[Black "Camilla_Lee"]
[WhiteElo "2326"]
[BlackElo "2508"]
[Result "1-0"]
[Round "4"]
[TimeControl "180+1"]
[Date "2023.10.31"]
[WhiteClock "0:00:51"]
[BlackClock "0:00:10"]
[Board "127"]

1. e4 e5 2. Nf3 Nc6 3. Bb5 f5 4. d3 fxe4 5. dxe4 Nf6 6. Nc3 Bb4 7. O-O Bxc3 8. bxc3 Qe7 9. Bg5 d6 10. c4 h6 11. Bxf6 Qxf6 12. c5 O-O 13. cxd6 cxd6 14. Qd3 Bg4 15. Nd2 Nd4 16. Bc4+ Kh7 17. f3 Be6 18. c3 Nc6 19. Qxd6 Rad8 20. Qxe6 Qxe6 21. Bxe6 Rxd2 22. Rad1 Rfd8 23. Bd5 Rxd1 24. Rxd1 Na5 25. Rb1 Rc8 26. Bxb7 Rxc3 27. Bd5 Nc4 28. Rb8 Ne3 29. Re8 Rc2 30. Bg8+ Kg6 31. Re6+ Kg5 32. g3 h5 33. h4# 1-0


[Site "https://www.chess.com"]

[Event "Titled Tuesday Blitz October 31 Early 2023"]
[White "Kubicka, Anna"]
[Black "Der_Balak_3Halak"]
[WhiteFideId "1152254"]
[WhiteElo "2506"]
[BlackElo "2321"]
[Result "1-0"]
[Round "4"]
[TimeControl "180+1"]
[Date "2023.10.31"]
[WhiteClock "0:00:32"]
[BlackClock "0:00:08"]
[Board "128"]

1. e4 e5 2. Nf3 Nc6 3. Bc4 Bc5 4. O-O Nf6 5. d3 d6 6. c3 O-O 7. h3 h6 8. a4 a5 9. Re1 Be6 10. Nbd2 Qe7 11. Qb3 Rab8 12. Bxe6 Qxe6 13. Qxe6 fxe6 14. Nc4 Nh5 15. Be3 Bxe3 16. fxe3 Ng3 17. Kh2 Nh5 18. d4 exd4 19. exd4 Nf4 20. Rad1 d5 21. exd5 exd5 22. Nce5 Nxe5 23. Nxe5 Rbe8 24. Nd7 Rxe1 25. Rxe1 Rd8 26. Nc5 b6 27. Na6 Rd7 28. Nb8 Rf7 29. Re8+ Kh7 30. Rd8 Kg6 31. Nd7 Nd3 32. Ne5+ Nxe5 33. dxe5 Rf2 34. e6 Re2 35. Rxd5 Rxe6 36. Rd7 c6 37. Rb7 c5 38. Kg3 Kf6 39. Kf4 g5+ 40. Kf3 h5 41. g4 h4 42. Rc7 Ke5 43. Rg7 Kf6 44. Rh7 Rd6 45. Rh6+ Ke5 46. Rxd6 Kxd6 47. Ke4 Ke6 48. c4 Kf6 49. Kd5 Kg6 50. Ke6 Kg7 51. Kf5 Kh6 52. Kf6 b5 53. axb5 a4 54. b6 Kh7 55. b7 Kh6 56. b8=Q Kh7 57. Qf8 a3 58. Qg7# 1-0


[Site "https://www.chess.com"]